Nordiques vs Sharks
Created - November 7, 2017 at 19:10
Goals
|
| Nordiques |
0 |
2 |
1 |
0 |
3 |
| Sharks |
1 |
1 |
1 |
1 |
4 |
|
Shots
|
| Nordiques |
12 |
9 |
16 |
0 |
37 |
| Sharks |
8 |
9 |
14 |
1 |
32 |
|
1st period
1. Sharks , Nick Palmieri 3 (Andrej Sekera 3, Brad Boyes 5) at 2:34
Penalties :
Cal Clutterbuck (SJS) for Holding (Minor) at 0:25, Matt Moulson (Que) for Tripping (Minor) at 6:38
2nd period
2. Sharks , Derek Boogaard 4 (Brad Boyes 6, David Legwand 11) at 0:06
3. Nordiques , Nikolai Kulemin 2 (Ryan Ellis 2) at 7:02
4. Nordiques , Michael Ryder 3 (T.J. Fast 2, Dmitry Kulikov 3) at 19:06
Penalties :
Steve Montador (SJS) for Slashing (Minor) at 4:34
3rd period
5. Sharks , Derek Boogaard 5 (Brad Boyes 7, Steve Montador 3) at 3:10 (PP)
6. Nordiques , Daniel Briere 5 (Dustin Byfuglien 5) at 15:33
Penalties :
Dustin Byfuglien (Que) for Roughing (Minor) at 1:17
Overtime #1
7. Sharks , Brad Boyes 6 (Boris Valabik 5, Brent Krahn) at 0:44
Penalties :
No Penalty
Goalie Stats
Julien Ellis (Que), 28 saves from 32 shots - (0.875), OTL, 4-2-1, 60:44 minutes
Brent Krahn (SJS), 34 saves from 37 shots - (0.919), W, 4-2-1, 60:44 minutes
Players Stats for Nordiques
Player Name G A P +/- PIM S H SB GA TA FO MP PP MP PK MP
------------------------------------------------------------------------------------
Chris Drury 0 0 0 -1 0 3 0 0 1 0 7/15 18:10 1:53 1:18
Daniel Briere 1 0 1 0 0 5 4 0 2 0 14/22 22:14 2:05 2:08
Dmitry Kulikov 0 1 1 1 0 1 1 0 0 0 0/0 14:01 0:00 0:10
Dustin Byfuglien 0 1 1 -1 2 1 0 2 2 0 0/0 19:02 1:31 1:22
Fedor Tyutin 0 0 0 0 0 4 4 1 0 3 0/0 27:06 2:27 1:46
Jean-Pierre Dumont 0 0 0 -1 0 2 0 0 0 0 0/0 11:30 0:00 0:00
Kyle Calder 0 0 0 -1 0 3 1 0 0 0 0/1 12:04 0:00 0:34
Marek Svatos 0 0 0 0 0 4 2 0 0 0 3/6 20:02 2:05 2:08
Mark Eaton 0 0 0 -1 0 0 2 2 0 1 0/0 20:19 1:31 2:38
Matt Moulson 0 0 0 0 2 1 0 1 2 1 1/1 16:46 1:53 0:00
Michael Ryder 1 0 1 2 0 3 1 0 0 0 0/0 8:24 0:00 0:00
Nikolai Kulemin 1 0 1 2 0 1 1 0 1 0 0/0 8:24 0:00 0:00
Paul Gaustad 0 0 0 -1 0 5 1 0 1 0 3/3 11:36 0:00 0:26
R.J. Umberger 0 0 0 0 0 0 2 0 1 0 2/4 19:38 2:05 0:11
Rich Peverley 0 0 0 2 0 1 1 0 0 0 4/6 8:24 0:00 0:00
Ryan Ellis 0 1 1 0 0 2 1 3 0 2 0/0 26:58 2:27 1:38
T.J. Fast 0 1 1 1 0 0 0 1 0 0 0/0 14:01 0:00 0:10
Vladimir Tarasenko 0 0 0 -1 0 1 1 0 1 0 1/2 20:23 1:53 0:59
Players Stats for Sharks
Player Name G A P +/- PIM S H SB GA TA FO MP PP MP PK MP
------------------------------------------------------------------------------------
Andrej Sekera 0 1 1 0 0 1 0 0 1 0 0/0 12:54 0:53 0:00
Antoine Vermette 0 0 0 -1 0 2 0 0 0 0 2/11 17:27 1:11 1:29
Boris Valabik 0 1 1 1 0 0 0 1 0 0 0/0 21:04 1:56 1:22
Brad Boyes 1 3 4 1 0 6 2 1 2 1 1/7 22:07 2:41 2:22
Brayden McNabb 0 0 0 0 0 0 2 0 0 1 0/0 14:06 0:35 1:15
Cal Clutterbuck 0 0 0 -2 2 3 1 1 0 0 0/0 15:36 1:11 0:00
Chris Campoli 0 0 0 1 0 3 2 3 0 1 0/0 20:53 1:38 1:22
Damien Brunner 0 0 0 -1 0 1 0 0 1 0 0/0 8:14 0:00 0:00
David Legwand 0 1 1 1 0 2 2 0 0 0 15/29 22:07 2:41 2:22
Derek Boogaard 2 0 2 2 0 2 2 2 2 3 2/3 20:46 2:41 1:36
Erik Cole 0 0 0 1 0 0 1 0 0 0 0/0 12:29 0:00 0:00
Greg Campbell 0 0 0 -1 0 1 1 0 0 1 1/3 8:49 0:00 0:00
Kevin Shattenkirk 0 0 0 -1 0 1 0 3 0 0 0/0 26:57 1:21 2:36
Nick Palmieri 1 0 1 1 0 4 2 1 1 0 0/0 12:56 0:00 0:07
Oskar Osala 0 0 0 -1 0 1 0 1 0 1 0/0 8:14 0:00 0:00
Ryane Clowe 0 0 0 -2 0 1 2 0 0 1 1/1 15:52 1:11 0:00
Steve Montador 0 1 1 -1 2 0 1 4 0 1 0/0 25:36 1:21 1:21
T.J. Hensick 0 0 0 1 0 4 1 1 0 1 3/6 12:49 0:00 0:00
3 Stars
1 - Brad Boyes (SJS)
2 - Derek Boogaard (SJS)
3 - Michael Ryder (Que)
Power Play
Nordiques - 0 on 2 Attempt(s) - 0.00%
Sharks - 1 on 2 Attempt(s) - 50.00%
Penalty Kill
Nordiques - 1 on 2 Attempt(s) - 50.00%
- Score 0 goal in Penalty Kill
Sharks - 2 on 2 Attempt(s) - 100.00%
- Score 0 goal in Penalty Kill
Team Stat
Nordiques - Hits : 22 - Faceoff Wins : 35 - Blocked Shots : 10 - Penalty Minutes : 4
Sharks - Hits : 19 - Faceoff Wins : 25 - Blocked Shots : 18 - Penalty Minutes : 4
Official
Referees : Hasenfratz Mike and Kozari Steve
Linesman : Jean Morin and Shane Heyer
Game Notes
No Game Note
Finance
Level 1 -- Attendance: 4927 (82.12%) -- Ticket Income $468,065
Level 2 -- Attendance: 3118 (62.36%) -- Ticket Income $202,670
Level 3 -- Attendance: 1188 (59.40%) -- Ticket Income $53,460
Level 4 -- Attendance: 4000 (100.00%) -- Ticket Income $100,000
Luxury Box -- Attendance: 661 (66.10%) -- Ticket Income $122,285
Game was played at the Hockey Place Center.
Total Attendance: 13894 (77.19%)
Total Ticket Income: $946,480
Other Income: $141,972
Total Income: $1,088,452
Nordiques
5 vs 5 Forward
Center Left Wing Right Wing Time % Phy DF OF
1 Daniel Briere R.J. Umberger Vladimir Tarasenko 40 0 2 3
2 Chris Drury Matt Moulson Marek Svatos 30 0 2 3
3 Paul Gaustad Kyle Calder Jean-Pierre Dumont 20 0 3 2
4 Rich Peverley Nikolai Kulemin Michael Ryder 10 0 2 3
5 vs 5 Defense
Defense Defense Time % Phy DF OF
1 Fedor Tyutin Ryan Ellis 40 0 4 1
2 Mark Eaton Dustin Byfuglien 30 0 4 1
3 T.J. Fast Dmitry Kulikov 20 0 4 1
4 Fedor Tyutin Ryan Ellis 10 0 4 1
PowerPlay Forward
Center Left Wing Right Wing Time % Phy DF OF
1 Daniel Briere R.J. Umberger Marek Svatos 60 0 0 5
2 Chris Drury Matt Moulson Vladimir Tarasenko 40 0 0 5
PowerPlay Defense
Defense Defense Time % Phy DF OF
1 Fedor Tyutin Ryan Ellis 60 0 2 3
2 Mark Eaton Dustin Byfuglien 40 0 2 3
Penalty Kill 4 Players Forward
Center Wing Time % Phy DF OF
1 Marek Svatos Daniel Briere 60 0 3 2
2 Chris Drury Vladimir Tarasenko 40 0 3 2
Penalty Kill 4 Players Defense
Defense Defense Time % Phy DF OF
1 Fedor Tyutin Ryan Ellis 60 0 5 0
2 Mark Eaton Dustin Byfuglien 40 0 5 0
Penalty Kill - 3 Players Forward
Forward Time % Phy DF OF
1 Marek Svatos 60 0 4 1
2 Daniel Briere 40 0 4 1
Penalty Kill - 3 Players Defense
Defense Defense Time % Phy DF OF
1 Fedor Tyutin Ryan Ellis 60 0 5 0
2 Mark Eaton Dustin Byfuglien 40 0 5 0
4 vs 4 Forward
Center Wing Time % Phy DF OF
1 Marek Svatos Daniel Briere 60 0 2 3
2 Chris Drury Vladimir Tarasenko 40 0 1 4
4 vs 4 Defense
Defense Defense Time % Phy DF OF
1 Fedor Tyutin Ryan Ellis 60 0 3 2
2 Mark Eaton Dustin Byfuglien 40 0 3 2
Last Minutes Offensive
Center Left Wing Right Wing Defense Defense
Daniel Briere R.J. Umberger Marek Svatos Fedor Tyutin Ryan Ellis
Last Minutes Defensive
Center Left Wing Right Wing Defense Defense
Daniel Briere R.J. Umberger Marek Svatos Mark Eaton T.J. Fast
Goaltenders
Starting : Julien Ellis
Backup : Tyler Weiman
Extra Forwards
Normal : Jean-Pierre Dumont, Vladimir Tarasenko, Chris Drury - PP : Vladimir Tarasenko, Daniel Briere - PK : Paul Gaustad
Extra Defensemen
Normal : Dustin Byfuglien, Dmitry Kulikov, Ryan Ellis - PP : Dustin Byfuglien - PK : Ryan Ellis, Mark Eaton
Penalty Shots
Marek Svatos, Daniel Briere, Chris Drury, Vladimir Tarasenko, R.J. Umberger
Scratches
Bruno Gervais (Healthy), Milan Bartovic (Healthy), Tim Crowder (Healthy)
Sharks
5 vs 5 Forward
Center Left Wing Right Wing Time % Phy DF OF
1 David Legwand Derek Boogaard Brad Boyes 40 0 3 2
2 Antoine Vermette Ryane Clowe Cal Clutterbuck 30 0 3 2
3 T.J. Hensick Erik Cole Nick Palmieri 20 0 3 2
4 Greg Campbell Oskar Osala Damien Brunner 10 0 3 2
5 vs 5 Defense
Defense Defense Time % Phy DF OF
1 Kevin Shattenkirk Steve Montador 40 0 3 2
2 Boris Valabik Chris Campoli 30 0 3 2
3 Andrej Sekera Brayden McNabb 20 0 3 2
4 Kevin Shattenkirk Steve Montador 10 0 3 2
PowerPlay Forward
Center Left Wing Right Wing Time % Phy DF OF
1 David Legwand Derek Boogaard Brad Boyes 60 0 2 3
2 Antoine Vermette Ryane Clowe Cal Clutterbuck 40 0 2 3
PowerPlay Defense
Defense Defense Time % Phy DF OF
1 Kevin Shattenkirk Steve Montador 60 0 2 3
2 Boris Valabik Chris Campoli 40 0 2 3
Penalty Kill 4 Players Forward
Center Wing Time % Phy DF OF
1 Brad Boyes David Legwand 60 1 4 0
2 Derek Boogaard Antoine Vermette 40 1 4 0
Penalty Kill 4 Players Defense
Defense Defense Time % Phy DF OF
1 Kevin Shattenkirk Steve Montador 60 1 4 0
2 Boris Valabik Chris Campoli 40 1 4 0
Penalty Kill - 3 Players Forward
Forward Time % Phy DF OF
1 Brad Boyes 60 1 4 0
2 David Legwand 40 1 4 0
Penalty Kill - 3 Players Defense
Defense Defense Time % Phy DF OF
1 Kevin Shattenkirk Steve Montador 60 1 4 0
2 Boris Valabik Chris Campoli 40 1 4 0
4 vs 4 Forward
Center Wing Time % Phy DF OF
1 Brad Boyes David Legwand 60 0 3 2
2 Derek Boogaard Antoine Vermette 40 0 3 2
4 vs 4 Defense
Defense Defense Time % Phy DF OF
1 Kevin Shattenkirk Steve Montador 60 0 3 2
2 Boris Valabik Chris Campoli 40 0 3 2
Last Minutes Offensive
Center Left Wing Right Wing Defense Defense
David Legwand Derek Boogaard Brad Boyes Kevin Shattenkirk Steve Montador
Last Minutes Defensive
Center Left Wing Right Wing Defense Defense
David Legwand Derek Boogaard Brad Boyes Kevin Shattenkirk Steve Montador
Goaltenders
Starting : Brent Krahn
Backup : Frederik Andersen
Extra Forwards
Normal : T.J. Hensick, Greg Campbell, Nick Palmieri - PP : T.J. Hensick, Greg Campbell - PK : Nick Palmieri
Extra Defensemen
Normal : Andrej Sekera, Brayden McNabb, Boris Valabik - PP : Andrej Sekera - PK : Brayden McNabb, Boris Valabik
Penalty Shots
Brad Boyes, David Legwand, Derek Boogaard, Antoine Vermette, Ryane Clowe
Scratches
Jordan LaVallee (Healthy), Oliver Ekman-Larsson (Healthy), Martin Erat (Healthy), Patrick O'Sullivan (Healthy), Justin Pogge (Healthy)
% Time on Ice - Nordiques
Lines # - Real PCT - Wanted PCT - Time Play
Normal Forward
1 - 34% - 40% - 17:43
2 - 29% - 30% - 14:53
3 - 21% - 20% - 11:10
4 - 16% - 10% - 8:24
Normal Defense
1 - 38% - 40% - 19:59
2 - 31% - 30% - 16:04
3 - 27% - 20% - 13:50
4 - 4% - 10% - 2:17
PP Forward
1 - 53% - 60% - 2:05
2 - 47% - 40% - 1:53
PP Defense
1 - 62% - 60% - 2:27
2 - 38% - 40% - 1:31
PK Forward
1 - 75% - 60% - 2:53
2 - 25% - 40% - 0:59
PK Defense
1 - 32% - 60% - 1:14
2 - 68% - 40% - 2:38
PK3 Forward
1 - 0% - 60%
2 - 0% - 40%
PK3 Defense
1 - 0% - 60%
2 - 0% - 40%
44 Forward
1 - 86% - 60% - 0:38
2 - 14% - 40% - 0:06
44 Defense
1 - 86% - 60% - 0:38
2 - 14% - 40% - 0:06
Last Minute Offensive - 0:00
Last Minute Defensive - 0:00
Total
Forward - 60:44
Defense - 60:44
|
% Time on Ice - Sharks
Lines # - Real PCT - Wanted PCT - Time Play
Normal Forward
1 - 32% - 40% - 16:43
2 - 28% - 30% - 14:44
3 - 24% - 20% - 12:29
4 - 16% - 10% - 8:14
Normal Defense
1 - 39% - 40% - 20:23
2 - 33% - 30% - 17:12
3 - 24% - 20% - 12:16
4 - 4% - 10% - 2:19
PP Forward
1 - 69% - 60% - 2:41
2 - 31% - 40% - 1:11
PP Defense
1 - 43% - 60% - 1:39
2 - 57% - 40% - 2:13
PK Forward
1 - 63% - 60% - 2:29
2 - 37% - 40% - 1:29
PK Defense
1 - 66% - 60% - 2:36
2 - 34% - 40% - 1:22
PK3 Forward
1 - 0% - 60%
2 - 0% - 40%
PK3 Defense
1 - 0% - 60%
2 - 0% - 40%
44 Forward
1 - 93% - 60% - 0:41
2 - 7% - 40% - 0:03
44 Defense
1 - 66% - 60% - 0:29
2 - 34% - 40% - 0:15
Last Minute Offensive - 0:00
Last Minute Defensive - 0:00
Total
Forward - 60:44
Defense - 60:44
|
Play by Play
1st period
0:01 of 1st period - R.J. Umberger wins face-off versus David Legwand in neutral zone.
0:09 of 1st period - Off-side.
0:10 of 1st period - David Legwand wins face-off versus Daniel Briere in neutral zone.
0:15 of 1st period - Snap shot by David Legwand.
0:15 of 1st period - Shot Misses the Net.
0:17 of 1st period - Slapshot by Steve Montador.
0:17 of 1st period - Shot Blocked by Fedor Tyutin.
0:19 of 1st period - Wrist shot by David Legwand.
0:19 of 1st period - Stopped by Julien Ellis without a rebound.
0:20 of 1st period - Chris Drury wins face-off versus Antoine Vermette in Nordiques zone.
0:20 of 1st period - Chris Drury is hit by Cal Clutterbuck.
0:25 of 1st period - Minor Penalty to Cal Clutterbuck for Holding.
0:26 of 1st period - Daniel Briere wins face-off versus Brad Boyes in Sharks zone.
0:56 of 1st period - Backhand shot by Fedor Tyutin.
0:56 of 1st period - Stopped by Brent Krahn without a rebound.
0:57 of 1st period - Chris Drury wins face-off versus Brad Boyes in Sharks zone.
1:44 of 1st period - Wrist shot by R.J. Umberger.
1:44 of 1st period - Deflect By Marek Svatos.
1:44 of 1st period - Stopped by Brent Krahn with a rebound.
2:25 of 1st period - Penalty to Cal Clutterbuck is over, Cal Clutterbuck is back on ice.
2:30 of 1st period - Wrist shot by Brad Boyes.
2:30 of 1st period - Shot Misses the Net.
2:34 of 1st period - Slapshot by Nick Palmieri.
2:34 of 1st period - Goal by Nick Palmieri - Nordiques : 0 - Sharks : 1.
2:35 of 1st period - Chris Drury wins face-off versus Antoine Vermette in neutral zone.
2:40 of 1st period - Snap shot by Chris Drury.
2:40 of 1st period - Stopped by Brent Krahn without a rebound.
2:41 of 1st period - Antoine Vermette wins face-off versus Chris Drury in Sharks zone.
2:50 of 1st period - Slapshot by Cal Clutterbuck.
2:50 of 1st period - Shot Blocked by Mark Eaton.
2:52 of 1st period - Snap shot by Steve Montador.
2:52 of 1st period - Shot Blocked by Dustin Byfuglien.
3:28 of 1st period - Slapshot by Fedor Tyutin.
3:28 of 1st period - Shot Misses the Net.
4:06 of 1st period - Steve Montador is hit by Fedor Tyutin and loses puck.
4:17 of 1st period - Snap shot by Paul Gaustad.
4:17 of 1st period - Shot Blocked by Kevin Shattenkirk.
4:19 of 1st period - Wrist shot by Jean-Pierre Dumont.
4:19 of 1st period - Shot Misses the Net.
4:21 of 1st period - Slapshot by Paul Gaustad.
4:21 of 1st period - Stopped by Brent Krahn with a rebound.
4:23 of 1st period - Slapshot by Fedor Tyutin.
4:23 of 1st period - Shot Blocked by Steve Montador.
5:53 of 1st period - Snap shot by Paul Gaustad.
5:53 of 1st period - Stopped by Brent Krahn with a rebound.
5:55 of 1st period - Slapshot by Ryan Ellis.
5:55 of 1st period - Shot Blocked by Steve Montador.
5:57 of 1st period - Snap shot by Paul Gaustad.
5:57 of 1st period - Stopped by Brent Krahn without a rebound.
5:58 of 1st period - Daniel Briere wins face-off versus David Legwand in Sharks zone.
6:38 of 1st period - Minor Penalty to Matt Moulson for Tripping.
6:39 of 1st period - David Legwand wins face-off versus Marek Svatos in Nordiques zone.
6:44 of 1st period - Snap shot by Brad Boyes.
6:44 of 1st period - Stopped by Julien Ellis without a rebound.
6:45 of 1st period - Marek Svatos wins face-off versus David Legwand in Nordiques zone.
8:38 of 1st period - Penalty to Matt Moulson is over, Matt Moulson is back on ice.
9:13 of 1st period - Dmitry Kulikov is hit by Greg Campbell and loses puck.
9:54 of 1st period - Snap shot by Michael Ryder.
9:54 of 1st period - Deflect By Marek Svatos.
9:54 of 1st period - Stopped by Brent Krahn without a rebound.
9:55 of 1st period - T.J. Hensick wins face-off versus Chris Drury in Sharks zone.
10:06 of 1st period - Brayden McNabb is hit by Mark Eaton and loses puck.
10:35 of 1st period - Fedor Tyutin is hit by Ryane Clowe and loses puck.
10:46 of 1st period - Chris Drury is hit by Brad Boyes and loses puck.
12:10 of 1st period - Wrist shot by Michael Ryder.
12:10 of 1st period - Shot Misses the Net.
12:20 of 1st period - Steve Montador is hit by Paul Gaustad and loses puck.
12:36 of 1st period - Off-side.
12:37 of 1st period - Daniel Briere wins face-off versus David Legwand in neutral zone.
12:48 of 1st period - Snap shot by Vladimir Tarasenko.
12:48 of 1st period - Shot Hit the Post.
12:50 of 1st period - Wrist shot by Vladimir Tarasenko.
12:50 of 1st period - Shot Blocked by Chris Campoli.
12:52 of 1st period - Slapshot by Fedor Tyutin.
12:52 of 1st period - Stopped by Brent Krahn without a rebound.
12:53 of 1st period - Chris Drury wins face-off versus Brad Boyes in Sharks zone.
13:24 of 1st period - Off-side.
13:25 of 1st period - David Legwand wins face-off versus Daniel Briere in neutral zone.
13:55 of 1st period - Snap shot by Antoine Vermette.
13:55 of 1st period - Shot Blocked by Ryan Ellis.
14:06 of 1st period - Icing by Chris Drury.
14:07 of 1st period - T.J. Hensick wins face-off versus Rich Peverley in Nordiques zone.
14:42 of 1st period - R.J. Umberger is hit by Derek Boogaard and loses puck.
14:55 of 1st period - Icing by Antoine Vermette.
14:56 of 1st period - Chris Drury wins face-off versus Antoine Vermette in Sharks zone.
15:28 of 1st period - Snap shot by Brad Boyes.
15:28 of 1st period - Stopped by Julien Ellis with a rebound.
15:54 of 1st period - Wrist shot by Kyle Calder.
15:54 of 1st period - Stopped by Brent Krahn with a rebound.
16:10 of 1st period - Snap shot by Rich Peverley.
16:10 of 1st period - Shot Misses the Net.
16:28 of 1st period - Wrist shot by Cal Clutterbuck.
16:28 of 1st period - Deflect By Antoine Vermette.
16:28 of 1st period - Stopped by Julien Ellis with a rebound.
16:30 of 1st period - Slapshot by Antoine Vermette.
16:30 of 1st period - Stopped by Julien Ellis with a rebound.
16:46 of 1st period - Fedor Tyutin is hit by David Legwand and loses puck.
16:55 of 1st period - Brad Boyes is hit by R.J. Umberger and loses puck.
17:15 of 1st period - Wrist shot by T.J. Hensick.
17:15 of 1st period - Shot Blocked by Ryan Ellis.
17:26 of 1st period - Icing by T.J. Hensick.
17:27 of 1st period - Rich Peverley wins face-off versus T.J. Hensick in Sharks zone.
17:45 of 1st period - Slapshot by Chris Campoli.
17:45 of 1st period - Stopped by Julien Ellis with a rebound.
17:47 of 1st period - Wrist shot by Chris Campoli.
17:47 of 1st period - Stopped by Julien Ellis without a rebound.
17:48 of 1st period - Chris Drury wins face-off versus David Legwand in Nordiques zone.
18:13 of 1st period - Kevin Shattenkirk is hit by Daniel Briere and loses puck.
18:22 of 1st period - Snap shot by Vladimir Tarasenko.
18:22 of 1st period - Deflect By Daniel Briere.
18:22 of 1st period - Shot Blocked by Cal Clutterbuck.
18:22 of 1st period - Puck is out of play.
18:23 of 1st period - Brad Boyes wins face-off versus Daniel Briere in Sharks zone.
18:23 of 1st period - Brad Boyes is hit by Daniel Briere.
18:26 of 1st period - Icing by Derek Boogaard.
18:27 of 1st period - David Legwand wins face-off versus Daniel Briere in Sharks zone.
19:20 of 1st period - Snap shot by Paul Gaustad.
19:20 of 1st period - Stopped by Brent Krahn with a rebound.
19:22 of 1st period - Backhand shot by Paul Gaustad.
19:22 of 1st period - Stopped by Brent Krahn with a rebound.
19:24 of 1st period - Slapshot by Ryan Ellis.
19:24 of 1st period - Stopped by Brent Krahn without a rebound.
19:25 of 1st period - Daniel Briere wins face-off versus David Legwand in Sharks zone.
19:26 of 1st period - Wrist shot by R.J. Umberger.
19:26 of 1st period - Shot Misses the Net.
19:39 of 1st period - Wrist shot by Vladimir Tarasenko.
19:39 of 1st period - Shot Blocked by Kevin Shattenkirk.
19:54 of 1st period - Off-side.
19:55 of 1st period - Ryane Clowe wins face-off versus Chris Drury in neutral zone.
19:58 of 1st period - Slapshot by Cal Clutterbuck.
19:58 of 1st period - Shot Misses the Net.
Goals for this period are 0 for Nordiques vs 1 for Sharks.
Shots for this period are 12 for Nordiques vs 8 for Sharks.
2nd period
0:01 of 2nd period - David Legwand wins face-off versus Daniel Briere in neutral zone.
0:06 of 2nd period - Slapshot by Derek Boogaard.
0:06 of 2nd period - Goal by Derek Boogaard - Nordiques : 0 - Sharks : 2.
0:07 of 2nd period - Derek Boogaard wins face-off versus R.J. Umberger in neutral zone.
1:25 of 2nd period - Fedor Tyutin is hit by Brad Boyes.
1:35 of 2nd period - Steve Montador is hit by Daniel Briere.
2:15 of 2nd period - Slapshot by Kevin Shattenkirk.
2:15 of 2nd period - Deflect By T.J. Hensick.
2:15 of 2nd period - Stopped by Julien Ellis with a rebound.
2:25 of 2nd period - Wrist shot by Jean-Pierre Dumont.
2:25 of 2nd period - Deflect By Paul Gaustad.
2:25 of 2nd period - Shot Blocked by Nick Palmieri.
2:25 of 2nd period - Puck is out of play.
2:26 of 2nd period - David Legwand wins face-off versus R.J. Umberger in Sharks zone.
2:32 of 2nd period - Off-side.
2:33 of 2nd period - Daniel Briere wins face-off versus David Legwand in neutral zone.
3:01 of 2nd period - Snap shot by Marek Svatos.
3:01 of 2nd period - Stopped by Brent Krahn with a rebound.
3:09 of 2nd period - Snap shot by Ryane Clowe.
3:09 of 2nd period - Deflect By Chris Drury.
3:09 of 2nd period - Stopped by Julien Ellis without a rebound.
3:10 of 2nd period - David Legwand wins face-off versus Daniel Briere in Nordiques zone.
3:15 of 2nd period - Snap shot by David Legwand.
3:15 of 2nd period - Shot Misses the Net.
3:35 of 2nd period - Marek Svatos is hit by Brayden McNabb.
3:39 of 2nd period - Andrej Sekera is hit by Dmitry Kulikov and loses puck.
4:00 of 2nd period - Snap shot by Jean-Pierre Dumont.
4:00 of 2nd period - Shot Misses the Net.
4:02 of 2nd period - Backhand shot by Paul Gaustad.
4:02 of 2nd period - Shot Blocked by T.J. Hensick.
4:15 of 2nd period - Off-side.
4:16 of 2nd period - Rich Peverley wins face-off versus Greg Campbell in neutral zone.
4:34 of 2nd period - Minor Penalty to Steve Montador for Slashing.
4:35 of 2nd period - Daniel Briere wins face-off versus Brad Boyes in Sharks zone.
4:37 of 2nd period - Snap shot by Daniel Briere.
4:37 of 2nd period - Stopped by Brent Krahn without a rebound.
4:38 of 2nd period - Daniel Briere wins face-off versus Brad Boyes in Sharks zone.
5:20 of 2nd period - Icing by Chris Drury.
5:21 of 2nd period - Derek Boogaard wins face-off versus Chris Drury in Nordiques zone.
6:34 of 2nd period - Penalty to Steve Montador is over, Steve Montador is back on ice.
7:02 of 2nd period - Snap shot by Nikolai Kulemin.
7:02 of 2nd period - Goal by Nikolai Kulemin - Nordiques : 1 - Sharks : 2.
7:03 of 2nd period - Vladimir Tarasenko wins face-off versus Derek Boogaard in neutral zone.
7:08 of 2nd period - Slapshot by Dustin Byfuglien.
7:08 of 2nd period - Shot Blocked by Derek Boogaard.
7:54 of 2nd period - Off-side.
7:55 of 2nd period - David Legwand wins face-off versus Rich Peverley in neutral zone.
8:10 of 2nd period - Wrist shot by Brad Boyes.
8:10 of 2nd period - Stopped by Julien Ellis with a rebound.
9:03 of 2nd period - Snap shot by Derek Boogaard.
9:03 of 2nd period - Shot Misses the Net.
9:05 of 2nd period - Wrist shot by David Legwand.
9:05 of 2nd period - Shot Misses the Net.
9:07 of 2nd period - Slapshot by Brayden McNabb.
9:07 of 2nd period - Deflect By Brad Boyes.
9:07 of 2nd period - Stopped by Julien Ellis with a rebound.
9:19 of 2nd period - Kevin Shattenkirk is hit by Nikolai Kulemin and loses puck.
10:31 of 2nd period - Wrist shot by David Legwand.
10:31 of 2nd period - Shot Blocked by T.J. Fast.
11:29 of 2nd period - Wrist shot by Nick Palmieri.
11:29 of 2nd period - Stopped by Julien Ellis without a rebound.
11:30 of 2nd period - David Legwand wins face-off versus Chris Drury in Nordiques zone.
11:33 of 2nd period - Wrist shot by David Legwand.
11:33 of 2nd period - Shot Misses the Net.
11:56 of 2nd period - Brayden McNabb is hit by Kyle Calder.
12:06 of 2nd period - Slapshot by Derek Boogaard.
12:06 of 2nd period - Shot Misses the Net.
12:20 of 2nd period - Brad Boyes is hit by Rich Peverley and loses puck.
13:20 of 2nd period - Snap shot by Brad Boyes.
13:20 of 2nd period - Stopped by Julien Ellis without a rebound.
13:21 of 2nd period - Daniel Briere wins face-off versus Antoine Vermette in Nordiques zone.
13:50 of 2nd period - Icing by Marek Svatos.
13:51 of 2nd period - Matt Moulson wins face-off versus T.J. Hensick in Nordiques zone.
14:46 of 2nd period - Icing by Jean-Pierre Dumont.
14:47 of 2nd period - Paul Gaustad wins face-off versus Antoine Vermette in Nordiques zone.
15:37 of 2nd period - Oskar Osala is hit by Marek Svatos and loses puck.
16:02 of 2nd period - Snap shot by Michael Ryder.
16:02 of 2nd period - Stopped by Brent Krahn with a rebound.
16:36 of 2nd period - Mark Eaton is hit by Nick Palmieri and loses puck.
16:47 of 2nd period - Slapshot by Kevin Shattenkirk.
16:47 of 2nd period - Stopped by Julien Ellis with a rebound.
17:23 of 2nd period - Brayden McNabb is hit by Mark Eaton and loses puck.
17:58 of 2nd period - Slapshot by Daniel Briere.
17:58 of 2nd period - Stopped by Brent Krahn with a rebound.
18:38 of 2nd period - Off-side.
18:39 of 2nd period - Rich Peverley wins face-off versus Antoine Vermette in neutral zone.
18:56 of 2nd period - Backhand shot by Chris Campoli.
18:56 of 2nd period - Stopped by Julien Ellis with a rebound.
19:02 of 2nd period - Snap shot by Michael Ryder.
19:02 of 2nd period - Stopped by Brent Krahn with a rebound.
19:04 of 2nd period - Slapshot by Dmitry Kulikov.
19:04 of 2nd period - Shot Blocked by Boris Valabik.
19:06 of 2nd period - Slapshot by T.J. Fast.
19:06 of 2nd period - Deflect By Michael Ryder.
19:06 of 2nd period - Goal by Michael Ryder - Nordiques : 2 - Sharks : 2.
19:07 of 2nd period - David Legwand wins face-off versus Vladimir Tarasenko in neutral zone.
19:14 of 2nd period - Snap shot by David Legwand.
19:14 of 2nd period - Shot Misses the Net.
19:37 of 2nd period - Snap shot by Fedor Tyutin.
19:37 of 2nd period - Shot Blocked by Kevin Shattenkirk.
19:43 of 2nd period - Wrist shot by Daniel Briere.
19:43 of 2nd period - Stopped by Brent Krahn without a rebound.
19:44 of 2nd period - David Legwand wins face-off versus Chris Drury in Sharks zone.
19:55 of 2nd period - Wrist shot by Matt Moulson.
19:55 of 2nd period - Shot Blocked by Chris Campoli.
19:57 of 2nd period - Snap shot by Mark Eaton.
19:57 of 2nd period - Shot Blocked by Derek Boogaard.
19:59 of 2nd period - Wrist shot by Marek Svatos.
19:59 of 2nd period - Stopped by Brent Krahn without a rebound.
Goals for this period are 2 for Nordiques vs 1 for Sharks.
Shots for this period are 9 for Nordiques vs 9 for Sharks.
3rd period
0:01 of 3rd period - Daniel Briere wins face-off versus David Legwand in neutral zone.
0:04 of 3rd period - Brad Boyes is hit by Fedor Tyutin and loses puck.
0:32 of 3rd period - Snap shot by Cal Clutterbuck.
0:32 of 3rd period - Shot Blocked by Matt Moulson.
1:07 of 3rd period - Snap shot by Daniel Briere.
1:07 of 3rd period - Shot Blocked by Oskar Osala.
1:17 of 3rd period - Minor Penalty to Dustin Byfuglien for Roughing.
1:18 of 3rd period - David Legwand wins face-off versus Marek Svatos in Nordiques zone.
1:23 of 3rd period - Snap shot by David Legwand.
1:23 of 3rd period - Shot Misses the Net.
1:43 of 3rd period - Fedor Tyutin is hit by Ryane Clowe and loses puck.
1:52 of 3rd period - Snap shot by Cal Clutterbuck.
1:52 of 3rd period - Stopped by Julien Ellis with a rebound.
1:54 of 3rd period - Wrist shot by Cal Clutterbuck.
1:54 of 3rd period - Stopped by Julien Ellis without a rebound.
1:55 of 3rd period - Marek Svatos wins face-off versus David Legwand in Nordiques zone.
2:22 of 3rd period - Derek Boogaard is hit by Fedor Tyutin and loses puck.
3:10 of 3rd period - Snap shot by Derek Boogaard.
3:10 of 3rd period - Goal by Derek Boogaard - Nordiques : 2 - Sharks : 3.
3:11 of 3rd period - Antoine Vermette wins face-off versus Daniel Briere in neutral zone.
3:19 of 3rd period - Slapshot by Vladimir Tarasenko.
3:19 of 3rd period - Shot Blocked by Chris Campoli.
3:37 of 3rd period - Fedor Tyutin is hit by Chris Campoli and loses puck.
4:04 of 3rd period - Snap shot by Fedor Tyutin.
4:04 of 3rd period - Shot Blocked by Steve Montador.
4:06 of 3rd period - Snap shot by Kyle Calder.
4:06 of 3rd period - Stopped by Brent Krahn with a rebound.
4:08 of 3rd period - Wrist shot by Fedor Tyutin.
4:08 of 3rd period - Shot Misses the Net.
5:18 of 3rd period - Snap shot by Jean-Pierre Dumont.
5:18 of 3rd period - Stopped by Brent Krahn without a rebound.
5:19 of 3rd period - Paul Gaustad wins face-off versus Antoine Vermette in Sharks zone.
5:24 of 3rd period - Wrist shot by Jean-Pierre Dumont.
5:24 of 3rd period - Shot Misses the Net.
5:26 of 3rd period - Slapshot by Kyle Calder.
5:26 of 3rd period - Shot Misses the Net.
5:28 of 3rd period - Slapshot by Dmitry Kulikov.
5:28 of 3rd period - Deflect By Jean-Pierre Dumont.
5:28 of 3rd period - Stopped by Brent Krahn with a rebound.
5:30 of 3rd period - Wrist shot by Kyle Calder.
5:30 of 3rd period - Stopped by Brent Krahn with a rebound.
5:32 of 3rd period - Slapshot by Dmitry Kulikov.
5:32 of 3rd period - Stopped by Brent Krahn without a rebound.
5:33 of 3rd period - R.J. Umberger wins face-off versus David Legwand in Sharks zone.
5:58 of 3rd period - Antoine Vermette is hit by Marek Svatos.
6:11 of 3rd period - Snap shot by Matt Moulson.
6:11 of 3rd period - Shot Misses the Net.
6:25 of 3rd period - Mark Eaton is hit by Erik Cole.
7:05 of 3rd period - Snap shot by T.J. Fast.
7:05 of 3rd period - Deflect By Chris Drury.
7:05 of 3rd period - Shot Blocked by Steve Montador.
7:05 of 3rd period - Puck is out of play.
7:06 of 3rd period - Greg Campbell wins face-off versus Chris Drury in Sharks zone.
7:13 of 3rd period - Wrist shot by Greg Campbell.
7:13 of 3rd period - Shot Misses the Net.
7:15 of 3rd period - Slapshot by Kevin Shattenkirk.
7:15 of 3rd period - Shot Misses the Net.
7:17 of 3rd period - Wrist shot by Damien Brunner.
7:17 of 3rd period - Deflect By Greg Campbell.
7:17 of 3rd period - Stopped by Julien Ellis without a rebound.
7:18 of 3rd period - David Legwand wins face-off versus Daniel Briere in Nordiques zone.
7:19 of 3rd period - Snap shot by Brad Boyes.
7:19 of 3rd period - Shot Misses the Net.
7:31 of 3rd period - Kevin Shattenkirk is hit by Daniel Briere and loses puck.
7:40 of 3rd period - Brad Boyes is hit by R.J. Umberger and loses puck.
8:14 of 3rd period - Chris Campoli is hit by Michael Ryder and loses puck.
8:32 of 3rd period - Snap shot by Damien Brunner.
8:32 of 3rd period - Stopped by Julien Ellis with a rebound.
8:34 of 3rd period - Wrist shot by Oskar Osala.
8:34 of 3rd period - Stopped by Julien Ellis without a rebound.
8:35 of 3rd period - Daniel Briere wins face-off versus Greg Campbell in Nordiques zone.
9:06 of 3rd period - Snap shot by David Legwand.
9:06 of 3rd period - Shot Misses the Net.
9:08 of 3rd period - Wrist shot by David Legwand.
9:08 of 3rd period - Stopped by Julien Ellis with a rebound.
9:10 of 3rd period - Snap shot by David Legwand.
9:10 of 3rd period - Shot Blocked by Mark Eaton.
9:12 of 3rd period - Snap shot by Brad Boyes.
9:12 of 3rd period - Deflect By David Legwand.
9:12 of 3rd period - Shot Misses the Net.
9:12 of 3rd period - Puck is out of play.
9:13 of 3rd period - Daniel Briere wins face-off versus Antoine Vermette in Nordiques zone.
9:18 of 3rd period - Slapshot by Kevin Shattenkirk.
9:18 of 3rd period - Deflect By Cal Clutterbuck.
9:18 of 3rd period - Stopped by Julien Ellis with a rebound.
9:20 of 3rd period - Wrist shot by Antoine Vermette.
9:20 of 3rd period - Shot Misses the Net.
9:22 of 3rd period - Wrist shot by Antoine Vermette.
9:22 of 3rd period - Shot Misses the Net.
9:48 of 3rd period - Slapshot by Chris Drury.
9:48 of 3rd period - Stopped by Brent Krahn with a rebound.
10:26 of 3rd period - Snap shot by Cal Clutterbuck.
10:26 of 3rd period - Shot Blocked by Dustin Byfuglien.
11:40 of 3rd period - Slapshot by Rich Peverley.
11:40 of 3rd period - Stopped by Brent Krahn without a rebound.
11:41 of 3rd period - Rich Peverley wins face-off versus Antoine Vermette in Sharks zone.
12:11 of 3rd period - T.J. Fast is hit by David Legwand and loses puck.
12:32 of 3rd period - Snap shot by T.J. Hensick.
12:32 of 3rd period - Stopped by Julien Ellis with a rebound.
12:34 of 3rd period - Wrist shot by T.J. Hensick.
12:34 of 3rd period - Shot Misses the Net.
12:36 of 3rd period - Slapshot by Andrej Sekera.
12:36 of 3rd period - Deflect By Matt Moulson.
12:36 of 3rd period - Stopped by Julien Ellis without a rebound.
12:37 of 3rd period - Daniel Briere wins face-off versus David Legwand in Nordiques zone.
12:44 of 3rd period - Backhand shot by Ryan Ellis.
12:44 of 3rd period - Stopped by Brent Krahn with a rebound.
12:46 of 3rd period - Wrist shot by Daniel Briere.
12:46 of 3rd period - Stopped by Brent Krahn with a rebound.
12:48 of 3rd period - Wrist shot by Vladimir Tarasenko.
12:48 of 3rd period - Stopped by Brent Krahn with a rebound.
13:09 of 3rd period - Wrist shot by Chris Drury.
13:09 of 3rd period - Stopped by Brent Krahn with a rebound.
13:11 of 3rd period - Wrist shot by T.J. Fast.
13:11 of 3rd period - Shot Misses the Net.
13:25 of 3rd period - Slapshot by Kevin Shattenkirk.
13:25 of 3rd period - Shot Misses the Net.
13:27 of 3rd period - Slapshot by T.J. Hensick.
13:27 of 3rd period - Stopped by Julien Ellis with a rebound.
13:29 of 3rd period - Wrist shot by T.J. Hensick.
13:29 of 3rd period - Stopped by Julien Ellis without a rebound.
13:30 of 3rd period - Daniel Briere wins face-off versus David Legwand in Nordiques zone.
13:35 of 3rd period - Chris Campoli is hit by Fedor Tyutin and loses puck.
13:56 of 3rd period - Matt Moulson is hit by Chris Campoli and loses puck.
14:07 of 3rd period - Slapshot by Fedor Tyutin.
14:07 of 3rd period - Stopped by Brent Krahn without a rebound.
14:08 of 3rd period - Daniel Briere wins face-off versus David Legwand in Sharks zone.
14:09 of 3rd period - Slapshot by R.J. Umberger.
14:09 of 3rd period - Shot Blocked by Brad Boyes.
14:35 of 3rd period - Mark Eaton is hit by Steve Montador and loses puck.
14:50 of 3rd period - Kevin Shattenkirk is hit by Vladimir Tarasenko and loses puck.
15:33 of 3rd period - Wrist shot by Daniel Briere.
15:33 of 3rd period - Goal by Daniel Briere - Nordiques : 3 - Sharks : 3.
15:34 of 3rd period - Paul Gaustad wins face-off versus David Legwand in neutral zone.
15:37 of 3rd period - Slapshot by Fedor Tyutin.
15:37 of 3rd period - Stopped by Brent Krahn with a rebound.
16:07 of 3rd period - Wrist shot by Matt Moulson.
16:07 of 3rd period - Stopped by Brent Krahn without a rebound.
16:08 of 3rd period - Chris Drury wins face-off versus T.J. Hensick in Sharks zone.
16:13 of 3rd period - Slapshot by Chris Drury.
16:13 of 3rd period - Shot Hit the Post.
16:15 of 3rd period - Backhand shot by Dustin Byfuglien.
16:15 of 3rd period - Stopped by Brent Krahn without a rebound.
16:16 of 3rd period - T.J. Hensick wins face-off versus Chris Drury in Sharks zone.
16:16 of 3rd period - T.J. Hensick is hit by Ryan Ellis.
16:34 of 3rd period - Ryan Ellis is hit by Brayden McNabb and loses puck.
17:07 of 3rd period - Ryan Ellis is hit by T.J. Hensick and loses puck.
17:24 of 3rd period - Wrist shot by Nick Palmieri.
17:24 of 3rd period - Stopped by Julien Ellis with a rebound.
17:26 of 3rd period - Snap shot by Brayden McNabb.
17:26 of 3rd period - Shot Blocked by Ryan Ellis.
17:28 of 3rd period - Wrist shot by Nick Palmieri.
17:28 of 3rd period - Shot Misses the Net.
17:30 of 3rd period - Snap shot by Nick Palmieri.
17:30 of 3rd period - Stopped by Julien Ellis without a rebound.
17:31 of 3rd period - David Legwand wins face-off versus Kyle Calder in Nordiques zone.
19:22 of 3rd period - Icing by David Legwand.
19:23 of 3rd period - David Legwand wins face-off versus Marek Svatos in Sharks zone.
19:28 of 3rd period - Jean-Pierre Dumont is hit by Derek Boogaard and loses puck.
19:41 of 3rd period - Vladimir Tarasenko is hit by Nick Palmieri and loses puck.
Goals for this period are 1 for Nordiques vs 1 for Sharks.
Shots for this period are 16 for Nordiques vs 14 for Sharks.
Overtime #1
0:01 of 1st overtime period - Marek Svatos wins face-off versus Brad Boyes in neutral zone.
0:06 of 1st overtime period - Snap shot by Marek Svatos.
0:06 of 1st overtime period - Shot Misses the Net.
0:44 of 1st overtime period - Wrist shot by Brad Boyes.
0:44 of 1st overtime period - Goal by Brad Boyes - Nordiques : 3 - Sharks : 4.
Goals for this period are 0 for Nordiques vs 1 for Sharks.
Shots for this period are 0 for Nordiques vs 1 for Sharks.
Back to the Top